 Dungeon Crawl Stone Soup version 0.20.1-1-g8b1a95d (webtiles) character file.

77718 Rzeznik the Bludgeoner (level 15, -10/151 HPs)
             Began as a Minotaur Fighter on Sept 5, 2017.
             Was the Champion of Okawaru.
             Killed from afar by a deep elf mage (14 damage)
             ... with a bolt of lightning
             ... on level 1 of the Elven Halls.
             The game lasted 03:11:33 (21565 turns).

Rzeznik the Bludgeoner (Minotaur Fighter)          Turns: 21565, Time: 03:11:34

Health: -10/151    AC: 23    Str: 28    XL:     15   Next: 16%
Magic:  15/15      EV: 12    Int:  7    God:    Okawaru [******]
Gold:   273        SH: 15    Dex: 14    Spells: 14/14 levels left

rFire    + . .     SeeInvis .   Z - +6 morningstar of Ranonoim {crush, MR+ Str+3 Int+2 Dex+2}
rCold    + . .     Gourm    .   c - +0 shield
rNeg     . . .     Faith    .   a - +1 plate armour {rF+}
rPois    +         Spirit   .   (helmet restricted)
rElec    .         Reflect  .   J - +1 cloak
rCorr    .         Harm     .   g - +0 pair of gloves
MR       ++...                  D - +0 pair of boots
Stlth    ..........             P - amulet of Vitality {Regen+ HP+15}
Regen    0.8/turn               i - ring of poison resistance
MPRegen  0.2/turn               u - ring of protection from cold

@: no status effects
A: retaliatory headbutt, horns 2
a: Heroism, Finesse, Renounce Religion


You were on level 1 of the Elven Halls.
You worshipped Okawaru.
Okawaru was exalted by your worship.
You were not hungry.

You visited 6 branches of the dungeon, and saw 23 of its levels.

You collected 2375 gold pieces.
You spent 2102 gold pieces at shops.

Inventory:

Hand Weapons
 F - a +3 demon whip of draining
 H - a +3 war axe of flaming
 M - a +2 eveningstar of venom
 Z - the +6 morningstar of Ranonoim (weapon) {crush, MR+ Str+3 Int+2 Dex+2}
   (Okawaru gifted it to you on level 6 of the Lair of Beasts)

   It inflicts extra damage upon your enemies.
   It affects your strength (+3).
   It affects your intelligence (+2).
   It affects your dexterity (+2).
   It affects your resistance to hostile enchantments.
Missiles
 S - 12 javelins of penetration (quivered)
Armour
 a - a +1 plate armour of fire resistance (worn)
 c - a +0 shield (worn)
 g - a +0 pair of gloves (worn)
 D - a +0 pair of boots (worn)
 J - a +1 cloak (worn)
 K - a +2 chain mail of magic resistance
 T - the +1 chain mail "Minnuj" {rN++ Dex+3}
   (You found it on level 6 of the Lair of Beasts)

   It affects your dexterity (+3).
   It greatly protects you from negative energy.
 W - a +3 ring mail of poison resistance
Jewellery
 i - a ring of poison resistance (left hand)
 u - a ring of protection from cold (right hand)
 v - an uncursed amulet of regeneration
 P - the amulet of Vitality (around neck) {Regen+ HP+15}
   (You bought it in a shop on level 2 of the Orcish Mines)

   [amulet of regeneration]

   It affects your health (+15).
   It increases your rate of regeneration.
Wands
 o - a wand of iceblast (5/15)
 y - a wand of flame (24/48)
 G - a wand of lightning (9/15)
 N - a wand of digging (6/24)
 Q - a wand of paralysis (11/24)
 V - a wand of acid (12/15)
Scrolls
 b - 5 scrolls of teleportation
 l - 5 scrolls of enchant weapon
 n - a scroll of fear
 q - 8 scrolls of immolation
 r - 9 scrolls of remove curse
 s - a scroll of noise {unknown}
 w - 5 scrolls of magic mapping
 E - 6 scrolls of amnesia
 I - 5 scrolls of enchant armour
 L - a scroll of silence {unknown}
 O - 3 scrolls of fog
 R - 2 scrolls of recharging {unknown}
 Y - a scroll of vulnerability {unknown}
Potions
 d - 4 potions of might
 e - a potion of magic
 h - 9 potions of curing
 j - 2 potions of agility
 k - 2 potions of brilliance {unknown}
 m - 3 potions of flight
 p - 3 potions of ambrosia
 x - 2 potions of invisibility {unknown}
 z - a potion of mutation {unknown}
 A - a potion of degeneration {unknown}
 B - 2 potions of haste
 C - a potion of resistance {unknown}
Miscellaneous
 X - a lamp of fire
Comestibles
 f - 6 bread rations
 t - 15 meat rations


   Skills:
 + Level 13.6 Fighting
 + Level 17.2 Maces & Flails
 + Level 14.7 Armour
 + Level 6.7 Dodging
 + Level 1.9 Stealth
 + Level 16.0 Shields
 + Level 1.4 Invocations
 + Level 0.1 Evocations


You had 14 spell levels left.
You didn't know any spells.

Dungeon Overview and Level Annotations

Branches:
Dungeon (12/15)            Temple (1/1) D:7            Lair (6/6) D:9
 Shoals (0/4) Lair:2        Snake (1/4) Lair:2        Slime (0/5) Lair:6
    Orc (2/2) D:12            Elf (1/3) Orc:2

Altars:
Ashenzari
Cheibriados
Dithmenos
Elyvilon
Fedhas
Gozag
Hepliaklqana
Kikubaaqudgha
Makhleb
Okawaru
Qazlal
Ru
Sif Muna
Trog
Uskayaw
Vehumet
Xom
Yredelemnul
Zin
The Shining One
Beogh
Jiyva

Shops:
D:12 *   Orc:2 =[=*


Innate Abilities, Weirdness & Mutations

You reflexively headbutt those who attack you in melee.
You have a pair of horns on your head.


Message History

You block the deep elf mage's attack. The fire elemental hits you.
The fire elemental burns you! You resist. The fire elemental hits you.
The fire elemental burns you! You resist.
You flatten the deep elf mage like a pancake!!!
You kill the deep elf mage!
Okawaru accepts your kill.
The fire elemental disappears in a puff of smoke! x2
The deep elf mage points at you and mumbles some strange words.
The bolt of lightning hits you!
* * * LOW HITPOINT WARNING * * *
You hear some strange, mumbled words.
A shard of ice appears from out of thin air!
The shard of ice hits you! You partially resist.
* * * LOW HITPOINT WARNING * * *
Okay, then.
The deep elf mage gestures at you while chanting.
The bolt of lightning hits you!
* * * LOW HITPOINT WARNING * * *
The bolt of lightning hits you!
You die...

... #.........##. #.#
#.........##. #e# #######.####.
#.########......##.
#.......^#....#.##.
#§.#####..###.#.##.
.#.e#########)§##....#...#.....
.§.e......e.§)....##.#...#..###
....##########@#####.#...#..# .
#.#####..###.### #.......#...##
#############


You could see 2 deep elf magi.

Vanquished Creatures
  An azure jelly (Lair:6)
  The ghost of BGT the Geomancer, a journeyman GrEE of Vehumet (Orc:2)
  4 ogre magi (Orc:2)
  Harold (D:11)
  9 hydras
  18 two-headed ogres
  A dancing weapon (Elf:1)
  3 death yaks (Lair:6)
  2 naga sharpshooters (Snake:1)
  The ghost of vatarom the Grappler, a novice DrTm of Ashenzari (D:10)
  An orc high priest (Orc:1)
  2 fire crabs (Lair:6)
  A deep elf knight (Elf:1)
  An unseen horror (D:11)
  4 deep elf magi (Elf:1)
  3 orc knights (Orc:2)
  An orc sorcerer (Orc:2)
  2 oklob plants (Lair:4)
  A cyclops (D:12)
  A manticore (D:12)
  3 elephants
  Maurice (D:12)
  8 black mambas
  6 spiny frogs
  3 rime drakes
  3 komodo dragons
  4 polar bears (Lair:6)
  6 trolls
  A snapping turtle (Lair:2)
  5 hornets (Lair:6)
  12 blink frogs
  3 dream sheep (Lair:6)
  19 hippogriffs
  A wraith (D:10)
  12 wyverns
  11 spriggans (Lair:6)
  42 yaks
  2 hungry ghosts (D:12)
  4 basilisks
  2 vampire mosquitoes (D:12)
  2 wargs
  4 nagas
  A hell hound (Lair:6)
  16 water moccasins
  7 porcupines
  2 black bears (Lair:6)
  21 orc warriors
  3 ice beasts
  An eye of draining (D:9)
  2 sky beasts
  35 ogres
  3 phantoms
  3 centaurs
  3 boggarts (Lair:6)
  25 wolves
  13 crocodiles
  18 bullfrogs
  3 big kobolds
  A gnoll sergeant (D:7)
  3 scorpions
  A water moccasin skeleton (D:10)
  A howler monkey (D:4)
  4 crimson imps
  A quasit (D:10)
  A bullfrog zombie (D:9)
  A centaur zombie (D:6)
  A bullfrog skeleton (D:12)
  7 hounds
  A gnoll shaman (D:4)
  3 jellies
  7 orc priests
  21 orc wizards
  2 centaur skeletons
  2 iguanas
  Terence (D:2)
  8 worker ants
  8 ogre zombies (D:12)
  A hound zombie (D:6)
  3 hound skeletons
  A worker ant zombie (D:11)
  12 gnolls
  13 adders
  2 shadow imps
  5 oozes
  3 adder skeletons
  2 worms (D:3)
  A dart slug (D:5)
  6 leopard geckos
  77 orcs
  2 giant cockroaches
  4 goblins
  11 hobgoblins
  3 jackals (D:3)
  2 quokkas
  3 ball pythons
  A ball python skeleton (D:4)
  9 bats
  7 frilled lizards
  2 goblin skeletons (D:12)
  4 goblin zombies (D:12)
  A hobgoblin skeleton (D:12)
  A hobgoblin zombie (D:12)
  29 kobolds
  2 orc skeletons (D:12)
  14 orc zombies (D:12)
  6 rats
  A bush (Lair:5)
  12 fungi
  10 plants
692 creatures vanquished.

Vanquished Creatures (others)
  2 blink frogs (Lair:6)
  A hornet zombie (D:9)
  A wolf (Lair:6)
  An orc wizard (Orc:2)
  A bush (Lair:6)
  26 fungi
  3 plants
35 creatures vanquished.

Grand Total: 727 creatures vanquished

Notes
Turn   | Place    | Note
-------+----------+-------------------------------------------
     0 | D:1      | Rzeznik the Minotaur Fighter began the quest for the Orb.
     0 | D:1      | Reached XP level 1. HP: 19/19 MP: 0/0
   398 | D:1      | Reached XP level 2. HP: 27/27 MP: 1/1
   825 | D:2      | Found a shimmering altar of Xom.
   855 | D:2      | Reached XP level 3. HP: 33/33 MP: 2/2
   931 | D:2      | Found a shimmering altar of Xom.
   931 | D:2      | Found a shimmering altar of Xom.
  1042 | D:2      | Reached skill level 3 in Maces & Flails
  1210 | D:2      | Found a glowing golden altar of the Shining One.
  1302 | D:2      | Reached XP level 4. HP: 24/40 MP: 3/3
  1443 | D:2      | Noticed Terence
  1455 | D:2      | Killed Terence
  1891 | D:3      | Reached skill level 1 in Dodging
  1976 | D:3      | Reached XP level 5. HP: 46/46 MP: 4/4
  1981 | D:3      | Reached skill level 4 in Maces & Flails
  2354 | D:4      | Reached skill level 5 in Armour
  2354 | D:4      | Reached skill level 5 in Shields
  2559 | D:4      | Reached skill level 5 in Maces & Flails
  2559 | D:4      | Reached XP level 6. HP: 28/53 MP: 5/5
  2883 | D:4      | Reached skill level 6 in Maces & Flails
  2883 | D:4      | Reached XP level 7. HP: 36/60 MP: 6/6
  2986 | D:4      | Reached skill level 5 in Fighting
  3275 | D:5      | Entered Level 5 of the Dungeon
  3358 | D:5      | Reached skill level 7 in Maces & Flails
  3965 | D:5      | Reached XP level 8. HP: 67/69 MP: 7/7
  4086 | D:6      | Reached skill level 8 in Maces & Flails
  4485 | D:6      | Found an opulent altar of Gozag.
  4618 | D:6      | Reached skill level 9 in Maces & Flails
  4889 | D:7      | Found a sacrificial altar of Ru.
  5077 | D:7      | Found a shadowy altar of Dithmenos.
  5093 | D:7      | Reached XP level 9. HP: 61/75 MP: 8/8
  5221 | D:7      | Found a staircase to the Ecumenical Temple.
  5230 | Temple   | Entered the Ecumenical Temple
  5369 | Temple   | Became a worshipper of Warmaster Okawaru
  5739 | D:8      | Found a basalt altar of Yredelemnul.
  5754 | D:8      | Reached skill level 10 in Maces & Flails
  5800 | D:8      | Found a sacrificial altar of Ru.
  6247 | D:8      | Found a glowing silver altar of Zin.
  6382 | D:8      | Found an iron altar of Okawaru.
  6596 | D:9      | Reached * piety under Okawaru
  6844 | D:9      | Found a staircase to the Lair.
  6985 | D:10     | Entered Level 10 of the Dungeon
  7093 | D:9      | Reached skill level 11 in Maces & Flails
  7104 | D:9      | Reached ** piety under Okawaru
  7107 | D:9      | Reached XP level 10. HP: 45/84 MP: 9/9
  7504 | D:9      | Found a blossoming altar of Fedhas.
  7565 | D:9      | Found a blossoming altar of Fedhas.
  7852 | D:9      | Got a steaming shortbow
  8094 | D:9      | Found a stormy altar of Qazlal.
  8121 | Lair:1   | Entered Level 1 of the Lair of Beasts
  8129 | Lair:1   | Noticed a spiny frog
  8143 | Lair:1   | Killed a spiny frog
  8213 | Lair:1   | Reached *** piety under Okawaru
  8246 | Lair:1   | You fall through a shaft!
  8321 | Lair:2   | Reached skill level 12 in Maces & Flails
  8390 | Lair:1   | Noticed an eight-headed hydra
  8823 | Lair:2   | Killed an eight-headed hydra
  8823 | Lair:2   | Reached skill level 10 in Armour
  8847 | Lair:2   | Reached skill level 10 in Shields
  9061 | Lair:2   | Noticed an eight-headed hydra
  9245 | Lair:1   | Noticed a spiny frog
  9270 | Lair:1   | Killed a spiny frog
  9360 | Lair:1   | Reached **** piety under Okawaru
  9458 | Lair:1   | Reached XP level 11. HP: 70/94 MP: 10/10
 10054 | Lair:2   | Found a staircase to the Shoals.
 10247 | Lair:2   | Received a gift from Okawaru
 10342 | Lair:2   | Reached ***** piety under Okawaru
 10349 | Lair:2   | Reached skill level 13 in Maces & Flails
 10445 | Lair:2   | Killed an eight-headed hydra
 10502 | Lair:2   | Found a staircase to the Snake Pit.
 11292 | Lair:3   | Received a gift from Okawaru
 11652 | Lair:3   | Noticed a seven-headed hydra
 11668 | Lair:3   | Killed a seven-headed hydra
 11668 | Lair:3   | Reached skill level 1 in Stealth
 11769 | Lair:4   | Reached skill level 14 in Maces & Flails
 11836 | Lair:4   | Reached XP level 12. HP: 102/104 MP: 11/11
 11853 | Lair:4   | Received a gift from Okawaru
 12100 | Lair:4   | Received a gift from Okawaru
 12870 | Lair:5   | Noticed a four-headed hydra
 12880 | Lair:5   | Killed a four-headed hydra
 13580 | Lair:5   | Noticed a four-headed hydra
 13591 | Lair:5   | Killed a four-headed hydra
 13769 | Lair:6   | Entered Level 6 of the Lair of Beasts
 13769 | Lair:6   | Found a staircase to the Slime Pits.
 14251 | Lair:6   | Reached ****** piety under Okawaru
 14286 | Lair:6   | Reached skill level 5 in Dodging
 14338 | Lair:6   | Reached skill level 10 in Fighting
 14416 | Lair:6   | Noticed a five-headed hydra
 14588 | Lair:6   | Noticed a six-headed hydra
 14769 | Lair:6   | Received a gift from Okawaru
 14769 | Lair:6   | Reached skill level 1 in Invocations
 15064 | Lair:6   | Noticed an azure jelly
 15080 | Lair:6   | Killed an azure jelly
 15080 | Lair:6   | Reached skill level 15 in Maces & Flails
 15080 | Lair:6   | Reached XP level 13. HP: 88/114 MP: 6/12
 15566 | Lair:6   | Paralysed by a hornet for 1 turns
 15935 | Lair:6   | Received a gift from Okawaru
 15943 | Lair:6   | Got a warped morningstar {god gift}
 15944 | Lair:6   | Identified the +6 morningstar of Ranonoim {crush, MR+ Str+3 Int+2 Dex+2} (Okawaru gifted it to you on level 6 of the Lair of Beasts)
 16439 | Lair:6   | Received a gift from Okawaru
 16462 | Lair:6   | Got an ancient chain mail
 16473 | Lair:6   | Identified the +1 chain mail "Minnuj" {rN++ Dex+3} (You found it on level 6 of the Lair of Beasts)
 16727 | Lair:6   | Reached skill level 16 in Maces & Flails
 17112 | Snake:1  | Entered Level 1 of the Snake Pit
 17435 | D:10     | Noticed vatarom's ghost (novice DrTm)
 17449 | D:10     | Killed vatarom's ghost
 17449 | D:10     | Reached XP level 14. HP: 125/125 MP: 14/14
 17825 | D:11     | Noticed Harold
 17843 | D:11     | Killed Harold
 18548 | D:12     | Received a gift from Okawaru
 18684 | D:12     | Found a staircase to the Orcish Mines.
 18855 | D:12     | Found Neamuq's General Store.
 19249 | D:12     | Noticed Maurice
 19259 | D:12     | Killed Maurice
 19416 | Orc:1    | Entered Level 1 of the Orcish Mines
 19536 | Orc:1    | Found a roughly hewn altar of Beogh.
 20048 | Orc:2    | Entered Level 2 of the Orcish Mines
 20271 | Orc:2    | Reached skill level 15 in Shields
 20453 | Orc:2    | Noticed BGT's ghost (journeyman GrEE)
 20476 | Orc:2    | Killed BGT's ghost
 20476 | Orc:2    | Received a gift from Okawaru
 20514 | Orc:2    | Found a staircase to the Elven Halls.
 20754 | Orc:2    | Received a gift from Okawaru
 20813 | Orc:2    | Reached skill level 17 in Maces & Flails
 20849 | Orc:2    | Reached XP level 15. HP: 72/136 MP: 15/15
 21134 | Orc:2    | Found Ofasuope's General Store.
 21134 | Orc:2    | Found Eraiqok's Jewellery Shop.
 21135 | Orc:2    | Found Vahez's Antique Armour Shop.
 21135 | Orc:2    | Found Axaiss's Jewellery Emporium.
 21276 | Orc:2    | Bought a glowing plate armour for 624 gold pieces
 21287 | Orc:2    | Bought a scroll of identify for 30 gold pieces
 21287 | Orc:2    | Bought a scroll of teleportation for 45 gold pieces
 21287 | Orc:2    | Bought a potion of agility for 60 gold pieces
 21291 | Orc:2    | Bought the amulet of Vitality {Regen+ HP+15} for 1343 gold pieces
 21343 | Elf:1    | Entered Level 1 of the Elven Halls
 21565 | Elf:1    | HP: 4/151 [deep elf mage/bolt of lightning (30)]
 21565 | Elf:1    | Killed from afar by a deep elf mage

Skill      XL: |  1  2  3  4  5  6  7  8  9 10 11 12 13 14 15 |
---------------+----------------------------------------------+-----
Fighting       | 4 5 6 7 9 10 11 13 | 13.6
Shields        | 4 5 7 8 10 11 12 14 15 16 | 16.0
Maces & Flails | 3 5 6 7 9 11 12 14 15 16 17 | 17.2
Armour         | 4 5 6 7 9 10 11 13 14 | 14.7
Dodging        | 1 2 3 4 5 6 |  6.7
Stealth        | 1 |  1.9
Invocations    | 1 |  1.4
Evocations     | |  0.1

Action                   |  1- 3 |  4- 6 |  7- 9 | 10-12 | 13-15 || total
-------------------------+-------+-------+-------+-------+-------++-------
Melee: Flail             |   112 |   107 |       |   457 |   171 ||   847
       Headbutt          |     8 |    28 |    72 |   210 |   235 ||   553
       Morningstar       |       |    41 |   386 |   404 |   776 ||  1607
Invok: Heroism           |       |       |       |     3 |       ||     3
       Finesse           |       |       |       |     2 |       ||     2
Evoke: Wand              |       |       |       |     1 |       ||     1
  Use: Scroll            |       |     3 |     5 |    13 |     2 ||    23
       Potion            |       |       |       |     7 |       ||     7
  Eat: Bread ration      |     1 |     1 |     1 |     4 |     4 ||    11
       Fruit             |       |     1 |       |     3 |     3 ||     7
       Royal jelly       |       |       |     4 |     3 |     1 ||     8
Armor: Scale mail        |    67 |     8 |       |       |       ||    75
       Chain mail        |       |    37 |    97 |   298 |   253 ||   685
       Ring mail         |       |     6 |       |       |       ||     6
       Plate armour      |       |       |    88 |    28 |     6 ||   122
Dodge: Dodged            |    52 |    33 |    81 |   242 |   297 ||   705
Block: Shield            |    69 |    66 |   218 |   499 |   557 ||  1409
